 Dungeon Crawl Stone Soup version 0.20.0-8-g6b59dc7 (webtiles) character file.

324780 Gorglomux the Phalangite (level 21, -17/182 HPs)
             Began as a Merfolk Berserker on May 30, 2017.
             Was the Champion of Trog.
             Demolished by a vault warden
             ... wielding a +1 halberd
              (38 damage)
             ... on level 4 of the Vaults on May 31, 2017.
             The game lasted 02:40:03 (44061 turns).

Gorglomux the Phalangite (Merfolk Berserker)       Turns: 44061, Time: 02:40:04

Health: -17/182    AC: 33    Str: 21    XL:     21   Next: 60%
Magic:  9/9        EV: 28    Int: 10    God:    Trog [******]
Gold:   3740       SH:  0    Dex: 20    Spells: 20/20 levels left

rFire    . . .     SeeInvis .   a - +4 bardiche (antimagic) {god gift}
rCold    . . .     Gourm    .   (shield currently unavailable)
rNeg     + . .     Faith    +   B - +7 chain mail of Youthful Indiscretion {+Fly rN+}
rPois    +         Spirit   .   N - +4 hat "Gabally" {+Inv MR+++ Int+4 Stlth-}
rElec    .         Reflect  .   w - +2 cloak
rCorr    .         Harm     .   e - +2 pair of gloves
MR       ++++.                  E - +2 pair of boots
Stlth    ..........             V - amulet of faith
Regen    0.4/turn               o - ring of poison resistance
MPRegen  0.2/turn               x - +5 ring of evasion

@: berserk cooldown, slowed, very slow
A: change form in water, swift swim, stealthy swim
}: 2/15 runes: serpentine, barnacled
a: Berserk, Trog's Hand, Brothers in Arms, Burn Spellbooks, Renounce Religion,
Evoke Invisibility, Evoke Flight


You were on level 4 of the Vaults.
You worshipped Trog.
Trog was exalted by your worship.
You were very hungry.

You visited 6 branches of the dungeon, and saw 35 of its levels.
You visited the Abyss 1 time.
You also visited: Labyrinth.

You collected 4234 gold pieces.
You spent 494 gold pieces at shops.

Inventory:

Hand Weapons
 a - a +4 antimagic bardiche (weapon) {god gift}
 b - the +9 heavy crossbow "Sniper" {velocity, Acc+∞ SInv}
   (You found it on level 1 of the Vaults)

   Any bolt fired from it inflicts extra damage.
   It lets you see invisible.
Missiles
 H - 540 bolts
 Z - 18 throwing nets (quivered)
Armour
 e - a +2 pair of gloves (worn)
 w - a +2 cloak (worn)
 B - the +7 chain mail of Youthful Indiscretion (worn) {+Fly rN+}
   (You found it on level 3 of the Vaults)

   It protects you from negative energy.
   It lets you fly.
 E - a +2 pair of boots (worn)
 N - the +4 hat "Gabally" (worn) {+Inv MR+++ Int+4 Stlth-}
   (You acquired it on level 6 of the Lair of Beasts)

   It affects your intelligence (+4).
   It affects your resistance to hostile enchantments.
   It lets you turn invisible.
   It makes you less stealthy.
Jewellery
 f - an uncursed ring of protection from fire
 g - an uncursed ring of resist corrosion
 o - a ring of poison resistance (left hand)
 s - an uncursed ring of see invisible
 x - a +5 ring of evasion (right hand)
 V - an amulet of faith (around neck)
Wands
 A - a wand of acid (11/15)
 D - a wand of digging (23/24)
 I - a wand of iceblast (8/15)
 L - a wand of clouds (6/9)
 O - a wand of clouds (7/9)
Scrolls
 c - a scroll of acquirement
 d - 28 scrolls of remove curse
 h - 4 scrolls of silence
 i - 4 scrolls of recharging
 n - 3 scrolls of immolation
 r - 3 scrolls of fear
 t - a scroll of summoning
 u - 4 scrolls of fog
 y - a scroll of enchant armour
 M - 4 scrolls of magic mapping
 R - 5 scrolls of identify
 T - 5 scrolls of teleportation
Potions
 j - 5 potions of lignification
 k - 6 potions of might
 l - 8 potions of flight
 p - 3 potions of invisibility
 q - 2 potions of cancellation
 v - 2 potions of agility
 F - a potion of ambrosia
 J - 3 potions of mutation {!q}
 K - 5 potions of haste
 Q - 6 potions of curing
 S - 5 potions of resistance
 X - 6 potions of heal wounds
Miscellaneous
 U - 3 boxes of beasts
 W - 2 sacks of spiders
 Y - a lamp of fire
Comestibles
 m - 15 fruits
 z - 12 meat rations
 C - 18 royal jellies
 G - 18 chunks of flesh
 P - 11 bread rations


   Skills:
 - Level 19.7 Fighting
 + Level 25.2 Polearms
 + Level 6.6 Crossbows
 - Level 11.4 Armour
 - Level 22.8 Dodging
 - Level 10.4 Evocations


You had 20 spell levels left.
You didn't know any spells.

Dungeon Overview and Level Annotations

Branches:
Dungeon (15/15)            Temple (0/1) D:4            Lair (6/6) D:10
 Shoals (4/4) Lair:2        Snake (4/4) Lair:2        Slime (0/5) Lair:5
    Orc (2/2) D:12            Elf (0/3) Orc:2        Vaults (4/5) D:13
  Crypt (0/3) Vaults:2     Depths (0/5) D:15

Altars:
Ashenzari
Cheibriados
Gozag
Hepliaklqana
Nemelex Xobeh
Okawaru
Uskayaw
Zin
Jiyva

Shops:
D:2 *   D:4 [   D:11 =   Orc:1 %   Orc:2 [%!}   Snake:3 *   Vaults:1 !

Annotations:
Lair:1 exclusion: oklob plant
Lair:5 exclusion: 2 oklob plants
Vaults:4 Sojobo


Message History

The vault warden hits you with an enchanted halberd!!!
* * * LOW HITPOINT WARNING * * *
The stone giant hits you but does no damage.
Sojobo hits you but does no damage.
You are electrocuted!
* * * LOW HITPOINT WARNING * * *
Sojobo closely misses you. Sojobo misses you.
The ironheart preserver hits you with a great mace.
* * * LOW HITPOINT WARNING * * *
Unknown command.
As you read the scroll of fear, it crumbles to dust.
You assume a fearsome visage.
The air elemental is unaffected.
The ironbrand convoker looks frightened!
The vault warden resists with some effort.
The vault warden looks frightened!
The ironheart preserver looks frightened!
Sojobo resists with some effort.
The deep elf death mage resists with almost no effort.
The stone giant looks frightened!
The yaktaur looks frightened!
The vault warden hits you with an enchanted halberd!!!
You die...

#.'.##).####
#.....(#
#.##..#### #
#..###.##
#.###...##
##.##.....#
#.....#C#.....
#..####.####..
####..p@p..#
####Q####


Ee# #p.# .##c .p . ## # You could see Sojobo, an ironheart preserver (fleeing),
a stone giant (fleeing), 2 vault wardens, a deep elf death mage, an ironbrand
convoker (fleeing), a yaktaur (fleeing) and an air elemental.

Vanquished Creatures
  Mara (Snake:4)
  Boris (Vaults:4)
  Rupert (D:15)
  A sphinx (Vaults:3)
  Polyphemus (Shoals:3)
  2 krakens
  2 tengu reavers (Vaults:4)
  Agnes (Snake:4)
  7 nagarajas (Snake:4)
  Roxanne (Snake:1)
  2 storm dragons (Vaults:1)
  2 frost giants
  The ghost of theElss the Hoplite, an adept GrBe of Trog (Shoals:3)
  Aizul (Snake:4)
  The ghost of Enish the Nimble, a journeyman DsSk of Dithmenos (Snake:1)
  3 vault wardens
  9 ironheart preservers
  5 stone giants
  A stone giant (shapeshifter) (D:15)
  3 entropy weavers
  2 deep elf demonologists
  A deep elf annihilator (Vaults:3)
  2 merfolk javelineers (Shoals:4)
  An eidolon (Vaults:2)
  A minotaur (Lab)
  2 fire dragons
  3 ettins
  Josephine (D:15)
  8 ogre magi
  A jiangshi (Vaults:2)
  2 deep elf death magi (Vaults:2)
  2 great orbs of eyes
  11 merfolk impalers
  3 yaktaur captains
  3 ice dragons (Vaults:1)
  2 rakshasas
  Erolcha (Orc:2)
  5 vault guards (D:13)
  8 naga warriors
  6 merfolk avatars
  2 hydras
  4 anacondas
  3 catoblepae
  2 death knights (Vaults:1)
  11 centaur warriors
  42 two-headed ogres
  A dancing weapon (Vaults:3)
  An alligator (Lair:6)
  8 merfolk aquamancers
  A vampire mage (D:15)
  2 deep troll shamans
  An alligator snapping turtle (Shoals:1)
  2 satyrs (Shoals:3)
  2 deep troll earth magi
  9 death yaks
  11 shock serpents
  A shock serpent (shapeshifter) (Vaults:4)
  A sun demon (Abyss:3)
  4 deep elf knights
  10 naga sharpshooters
  A shadow wraith (Vaults:2)
  A salamander mystic (Snake:3)
  4 skeletal warriors
  A glowing orange brain (Vaults:3)
  13 deep trolls
  2 flayed ghosts
  An unseen horror (shapeshifter) (D:14)
  5 unseen horrors
  A shadow dragon zombie (D:15)
  A swamp dragon (Lair:6)
  2 deep elf archers
  9 ironbrand convokers
  16 sea snakes
  7 naga ritualists
  3 phantasmal warriors
  7 harpies
  11 wizards
  8 orc knights
  7 mana vipers
  Pikel (D:8)
  28 ugly things
  3 necromancers
  20 fauns
  7 deep elf magi
  2 wolf spiders
  13 cyclopes
  An orc sorcerer (D:13)
  6 salamanders
  13 manticores
  9 elephants (Lair:6)
  19 naga magi
  3 guardian serpents
  7 vault sentinels
  Joseph (D:8)
  3 centaur zombies (D:15)
  2 torpor snails
  2 gargoyles
  9 merfolk sirens
  23 black mambas
  7 water nymphs
  7 centaur skeletons
  11 spiny frogs
  4 rime drakes (Lair:6)
  A kobold demonologist (D:14)
  8 freezing wraiths
  8 komodo dragons
  A demonic crawler (Abyss:3)
  20 yaktaurs
  2 jumping spiders
  5 trolls
  4 wind drakes
  A yaktaur skeleton (D:15)
  10 polar bears (Lair:6)
  26 merfolk
  A silent spectre (Abyss:3)
  A queen bee (shapeshifter) (Vaults:3)
  7 blink frogs (Lair:5)
  7 dream sheep
  3 snapping turtles
  A hippogriff (shapeshifter) (Vaults:1)
  2 hornets
  Prince Ribbit (D:6)
  13 slime creatures
  4 raiju
  A meliai zombie (D:14)
  10 hippogriffs
  A deep troll zombie (D:15)
  A shadow (D:13)
  Sigmund (D:4)
  14 water elementals
  2 wyverns
  14 redbacks
  9 wraiths
  A tarantella (Vaults:1)
  2 ettin skeletons (Abyss:3)
  50 yaks
  2 vampires
  A yak (shapeshifter) (Vaults:1)
  4 basilisks
  A fire bat (Abyss:3)
  The ghost of Bareth the Shooter, an amateur CeAM (D:3)
  2 steam dragons
  11 vampire mosquitoes
  4 hungry ghosts
  39 nagas
  Edmund (D:4)
  14 hell hounds (Lair:6)
  15 water moccasins
  2 small abominations (Abyss:3)
  7 wargs
  2 acid dragons
  8 porcupines
  A tengu skeleton (D:15)
  A floating eye (Abyss:3)
  2 swamp drakes (Lair:6)
  5 ice beasts
  An ice beast (shapeshifter) (Vaults:3)
  2 slaves (D:8)
  23 orc warriors
  4 phantoms
  16 black bears
  An eye of draining (D:15)
  2 elephant zombies (Lair:4)
  30 ogres
  16 crocodiles
  21 centaurs
  3 necrophages
  35 wolves
  A komodo dragon zombie (Lair:4)
  3 big kobolds
  20 bullfrogs
  A wyvern skeleton (D:7)
  6 scorpions
  10 killer bees (D:10)
  6 howler monkeys
  12 electric eels
  A vampire bat (Abyss:3)
  2 bullfrog zombies
  2 crimson imps
  2 quasits
  3 jellies
  19 orc priests
  Crazy Yiuf (D:3)
  8 hounds
  A bullfrog skeleton (D:7)
  7 iguanas
  24 orc wizards
  19 worker ants
  Natasha (thrice) (D:4)
  A killer bee zombie (D:8)
  2 hound skeletons (D:5)
  5 worker ant zombies
  13 adders
  5 shadow imps
  An adder zombie (D:9)
  An ooze (D:3)
  An adder skeleton (D:5)
  A dart slug (D:1)
  7 leopard geckos
  77 orcs
  3 bats
  7 giant cockroaches
  6 goblins
  6 hobgoblins
  9 jackals
  18 kobolds
  7 quokkas
  A ball python (D:4)
  5 frilled lizards
  A quokka skeleton (D:4)
  6 rats
  A butterfly (Abyss:3)
  3 plants
  A tentacle (Shoals:4)
1378 creatures vanquished.

Vanquished Creatures (collateral kills)
  A sphinx (Vaults:1)
  Ilsuiw (Shoals:4)
  A nagaraja (Snake:4)
  A vault warden (Vaults:1)
  An orc warlord (Vaults:1)
  A war gargoyle (Vaults:1)
  A stone giant (D:15)
  A merfolk javelineer (Shoals:4)
  A merfolk impaler (Shoals:4)
  2 hydras (D:11)
  A death knight (D:11)
  7 two-headed ogres (Orc:2)
  3 ogre magi (Orc:2)
  A deep troll earth mage (Vaults:2)
  2 naga sharpshooters (Snake:4)
  A skeletal warrior (D:11)
  An ironbrand convoker (Vaults:2)
  A merfolk siren (Shoals:4)
  A black mamba (Snake:4)
  A komodo dragon (Lair:5)
  A freezing wraith (D:11)
  A spriggan (Lair:5)
  A wraith (D:11)
  4 yaks (Lair:4)
  A water moccasin (D:11)
  An orc warrior (D:11)
  11 ogres (Orc:2)
  3 wolves (Lair:4)
  An orc priest (D:11)
  2 orcs (Vaults:2)
56 creatures vanquished.

Vanquished Creatures (others)
  An ogre mage (Vaults:3)
  A shadow wraith (Vaults:2)
  An unseen horror (Abyss:3)
  A water elemental (Shoals:1)
  A swamp drake (Lair:6)
  A hound (D:13)
  An adder (Snake:2)
  An orc (D:13)
  22 fungi
  24 plants
  12 tentacles
66 creatures vanquished.

Grand Total: 1500 creatures vanquished

Notes
Turn   | Place    | Note
-------+----------+-------------------------------------------
     0 | D:1      | Gorglomux the Merfolk Berserker began the quest for the Orb.
     0 | D:1      | Reached XP level 1. HP: 18/18 MP: 1/1
   126 | D:1      | Reached skill level 3 in Dodging
   129 | D:1      | Reached XP level 2. HP: 24/24 MP: 2/2
   375 | D:1      | Reached XP level 3. HP: 29/29 MP: 3/3
   409 | D:1      | Reached ** piety under Trog
   508 | D:2      | Reached skill level 5 in Polearms
   511 | D:2      | Found a faded altar of an unknown god.
   684 | D:2      | Found Gozag's Platinum Reserve.
   685 | D:2      | Found an opulent altar of Gozag.
  1065 | D:3      | Reached XP level 4. HP: 27/37 MP: 4/4
  1268 | D:3      | Noticed Bareth's ghost (amateur CeAM)
  1268 | D:3      | Reached *** piety under Trog
  1290 | D:3      | Killed Bareth's ghost
  1290 | D:3      | Reached skill level 6 in Polearms
  1290 | D:3      | Reached XP level 5. HP: 39/43 MP: 5/5
  1519 | D:3      | Found a runed door.
  1597 | D:3      | Reached XP level 6. HP: 36/49 MP: 6/6
  1636 | D:3      | HP: 2/50 [orc/hand axe (5)]
  1647 | D:3      | HP: 3/75 [orc/falchion (1)]
  2129 | D:3      | Noticed Crazy Yiuf
  2135 | D:3      | Killed Crazy Yiuf
  2135 | D:3      | Reached skill level 7 in Polearms
  2183 | D:4      | Found a hazy altar of Hepliaklqana.
  2248 | D:4      | Found a snail-covered altar of Cheibriados.
  2385 | D:4      | Found Woicweax's Armour Boutique.
  2418 | D:4      | Noticed Edmund
  2474 | D:4      | Killed Edmund
  2474 | D:4      | Reached skill level 6 in Dodging
  2474 | D:4      | Reached XP level 7. HP: 14/56 MP: 7/7
  2761 | D:4      | Found a staircase to the Ecumenical Temple.
  3065 | D:4      | Noticed Natasha
  3074 | D:4      | Killed Natasha
  3215 | D:4      | Noticed Natasha
  3224 | D:4      | Killed Natasha
  3229 | D:4      | Noticed Sigmund
  3235 | D:4      | Killed Sigmund
  3235 | D:4      | Reached skill level 6 in Fighting
  3235 | D:4      | Reached skill level 8 in Polearms
  3272 | D:4      | Noticed Natasha
  3282 | D:4      | Killed Natasha
  3372 | D:5      | Entered Level 5 of the Dungeon
  3387 | D:5      | Reached XP level 8. HP: 64/64 MP: 8/8
  3399 | D:5      | Received a gift from Trog
  3574 | D:5      | HP: 3/65 [ogre/giant club (22)]
  3840 | D:5      | Reached skill level 9 in Polearms
  4791 | D:6      | Reached skill level 10 in Polearms
  4791 | D:6      | Reached skill level 9 in Dodging
  4791 | D:6      | Reached XP level 9. HP: 55/72 MP: 9/9
  4874 | D:6      | Noticed Prince Ribbit
  4909 | D:6      | Killed Prince Ribbit
  5302 | D:6      | Found a shattered altar of Ashenzari.
  5388 | D:6      | Reached **** piety under Trog
  5523 | D:7      | Reached skill level 11 in Polearms
  5877 | D:7      | Noticed a two-headed ogre
  5889 | D:7      | Killed a two-headed ogre
  5889 | D:7      | Reached skill level 9 in Fighting
  5889 | D:7      | Reached skill level 12 in Polearms
  5889 | D:7      | Reached XP level 10. HP: 83/83 MP: 10/10
  6217 | D:8      | Noticed Joseph
  6231 | D:8      | Killed Joseph
  6274 | D:8      | Noticed a wolf spider
  6327 | D:8      | Killed a wolf spider
  6482 | D:8      | Noticed Pikel
  6517 | D:8      | Killed Pikel
  6640 | D:8      | Noticed a two-headed ogre
  6655 | D:8      | Killed a two-headed ogre
  6655 | D:8      | Reached skill level 13 in Polearms
  6655 | D:8      | Reached skill level 12 in Dodging
  7346 | D:8      | Reached ***** piety under Trog
  7969 | D:9      | Reached XP level 11. HP: 52/92 MP: 11/11
  8279 | D:9      | Noticed a two-headed ogre
  8287 | D:9      | Killed a two-headed ogre
  8637 | D:9      | Received a gift from Trog
  8754 | D:9      | Reached skill level 14 in Polearms
  8830 | D:9      | Noticed a dagger
  8831 | D:9      | Noticed a dagger
  8834 | D:9      | Found a hide-covered altar of Uskayaw.
  9779 | D:10     | Entered Level 10 of the Dungeon
  9988 | D:10     | Found a staircase to the Lair.
 10085 | D:10     | Received a gift from Trog
 10166 | D:10     | Noticed a two-headed ogre
 10175 | D:10     | Killed a two-headed ogre
 10776 | D:10     | Reached skill level 12 in Fighting
 10826 | D:10     | Noticed a two-headed ogre
 10833 | D:10     | Killed a two-headed ogre
 10833 | D:10     | Reached skill level 15 in Polearms
 10967 | D:10     | Reached XP level 12. HP: 89/102 MP: 12/12
 11155 | D:11     | Noticed a seven-headed hydra
 11163 | D:11     | Noticed a six-headed hydra
 11170 | D:11     | Killed a seven-headed hydra
 11186 | D:11     | Killed a six-headed hydra
 11468 | D:11     | Found Goesunolo's Jewellery Boutique.
 11639 | D:11     | Noticed a death knight
 11653 | D:11     | Killed a death knight
 11971 | Lair:1   | Entered Level 1 of the Lair of Beasts
 12016 | Lair:1   | Reached skill level 16 in Polearms
 12330 | Lair:1   | Found a glowing silver altar of Zin.
 12645 | Lair:1   | Reached skill level 15 in Dodging
 12684 | Lair:1   | Noticed a death yak
 12686 | Lair:1   | Noticed a death yak
 12686 | Lair:1   | Noticed a death yak
 12687 | Lair:1   | Noticed a death yak
 12687 | Lair:1   | Noticed a death yak
 12701 | Lair:1   | Killed a death yak
 12711 | Lair:1   | Killed a death yak
 12716 | Lair:1   | Killed a death yak
 12720 | Lair:1   | Killed a death yak
 12726 | Lair:1   | Killed a death yak
 13097 | Lair:2   | Found a staircase to the Shoals.
 13118 | Lair:2   | Reached XP level 13. HP: 111/111 MP: 13/13
 13395 | Lair:2   | Received a gift from Trog
 13706 | Lair:2   | Reached skill level 17 in Polearms
 13927 | Lair:2   | Found a staircase to the Snake Pit.
 14194 | Lair:2   | Reached ****** piety under Trog
 15080 | Lair:3   | Reached skill level 3 in Armour
 16014 | Lair:4   | Received a gift from Trog
 17145 | Lair:5   | Reached skill level 18 in Polearms
 17396 | Lair:5   | Reached XP level 14. HP: 103/121 MP: 14/14
 17521 | Lair:5   | Found a staircase to the Slime Pits.
 17523 | Lair:5   | Found a viscous altar of Jiyva.
 18097 | Lair:6   | Entered Level 6 of the Lair of Beasts
 18204 | Lair:6   | Received a gift from Trog
 19331 | Lair:6   | Received a gift from Trog
 19448 | Lair:6   | Reached skill level 15 in Fighting
 19688 | Lair:6   | Got an ancient amethyst amulet
 19701 | Lair:6   | Identified the amulet of Ettamnudiss {Spirit *Corrode MR+ Int+2 Dex+2} (You found it on level 6 of the Lair of Beasts)
 19703 | Lair:6   | Identified 2 scrolls of acquirement
 19708 | Lair:6   | Got a shimmering hat
 19723 | Lair:6   | Identified the +4 hat "Gabally" {+Inv MR+++ Int+4 Stlth-} (You acquired it on level 6 of the Lair of Beasts)
 20111 | Lair:6   | Received a gift from Trog
 20500 | Lair:6   | Reached skill level 19 in Polearms
 21090 | D:12     | Reached skill level 6 in Armour
 21375 | D:12     | Reached XP level 15. HP: 129/129 MP: 15/15
 21589 | D:12     | Found a staircase to the Orcish Mines.
 21731 | D:13     | Received a gift from Trog
 21825 | D:13     | Found a labyrinth entrance.
 21843 | Lab      | Entered a labyrinth
 22085 | Lab      | Found an exit through the horrors of the Abyss.
 22554 | Lab      | kill me please
 23011 | D:13     | Reached skill level 18 in Dodging
 23213 | D:13     | Found a gate to the Vaults.
 23443 | D:14     | Received a gift from Trog
 23721 | D:14     | Found a sparkling altar of Nemelex Xobeh.
 24154 | D:15     | Entered Level 15 of the Dungeon
 24196 | D:15     | Reached skill level 20 in Polearms
 24226 | D:15     | Noticed Josephine
 24239 | D:15     | Killed Josephine
 24253 | D:15     | Received a gift from Trog
 24312 | D:15     | Found a staircase to the Depths.
 24719 | D:15     | Reached XP level 16. HP: 28/138 MP: 16/16
 24729 | D:15     | Found an iron altar of Okawaru.
 25491 | D:15     | Noticed Rupert
 25504 | D:15     | Killed Rupert
 25786 | Orc:1    | Entered Level 1 of the Orcish Mines
 25900 | Orc:1    | Found Vakhlap's Food Shop.
 25927 | Orc:1    | Received a gift from Trog
 26172 | Orc:2    | Entered Level 2 of the Orcish Mines
 26203 | Orc:2    | Noticed Erolcha
 26212 | Orc:2    | Killed Erolcha
 26506 | Orc:2    | Found Lotzooj's Armour Emporium.
 26506 | Orc:2    | Found Ricocs Ciqu's Food Shop.
 26509 | Orc:2    | Found a staircase to the Elven Halls.
 26512 | Orc:2    | Found Uraor's Gadget Shoppe.
 26512 | Orc:2    | Found Owoelin's Distillery.
 26532 | Orc:2    | Cast into level 3 of the Abyss (two-headed ogre)
 26770 | Abyss:3  | Reached skill level 21 in Polearms
 26793 | Abyss:3  | Found a corrupted altar of Lugonu.
 26850 | Orc:2    | Escaped the Abyss
 26945 | Orc:2    | Bought a potion of berserk rage for 50 gold pieces
 26945 | Orc:2    | Bought a potion of might for 40 gold pieces
 26945 | Orc:2    | Bought a potion of mutation for 80 gold pieces
 27419 | Snake:1  | Entered Level 1 of the Snake Pit
 27445 | Snake:1  | Noticed Enish's ghost (journeyman DsSk)
 27477 | Snake:1  | Killed Enish's ghost
 27572 | Snake:1  | Noticed Roxanne
 27604 | Snake:1  | Received a gift from Trog
 27651 | Snake:1  | Killed Roxanne
 27651 | Snake:1  | Reached XP level 17. HP: 118/147 MP: 5/17
 27932 | Snake:1  | Reached skill level 9 in Armour
 28091 | Snake:1  | Received a gift from Trog
 28933 | Snake:2  | Reached skill level 1 in Evocations
 29333 | Snake:2  | Received a gift from Trog
 29834 | Snake:3  | Found Odanamar's Assorted Antiques.
 30384 | Snake:4  | Entered Level 4 of the Snake Pit
 30432 | Snake:4  | Noticed Agnes
 30439 | Snake:4  | Killed Agnes
 30567 | Snake:4  | Reached skill level 3 in Evocations
 30936 | Snake:4  | Noticed Aizul
 30958 | Snake:4  | Killed Aizul
 31183 | Snake:4  | Received a gift from Trog
 31690 | Snake:4  | Noticed Mara
 31691 | Snake:4  | Noticed Gorglomux's illusion
 31767 | Snake:4  | Reached skill level 22 in Polearms
 31777 | Snake:4  | Killed Mara
 31777 | Snake:4  | Reached skill level 18 in Fighting
 31777 | Snake:4  | Reached XP level 18. HP: 31/157 MP: 4/21
 32638 | Snake:4  | Got a serpentine rune of Zot
 32805 | Shoals:1 | Entered Level 1 of the Shoals
 32910 | Shoals:1 | Received a gift from Trog
 32970 | Shoals:1 | Reached skill level 21 in Dodging
 33783 | Shoals:2 | Reached skill level 6 in Evocations
 34570 | Shoals:3 | Received a gift from Trog
 34580 | Shoals:3 | Noticed theElss's ghost (adept GrBe)
 34591 | Shoals:3 | Killed theElss's ghost
 35135 | Shoals:3 | Reached XP level 19. HP: 164/164 MP: 24/24
 35312 | Shoals:3 | Noticed Polyphemus
 35338 | Shoals:3 | Killed Polyphemus
 35338 | Shoals:3 | Received a gift from Trog
 35780 | Shoals:4 | Entered Level 4 of the Shoals
 36096 | Shoals:4 | Noticed Ilsuiw
 36109 | Shoals:4 | Killed Ilsuiw
 36515 | Shoals:4 | Received a gift from Trog
 36886 | Shoals:4 | Reached skill level 23 in Polearms
 37588 | Shoals:4 | Got a barnacled rune of Zot
 38030 | Vaults:1 | Entered Level 1 of the Vaults
 38578 | Vaults:1 | Received a gift from Trog
 39321 | Vaults:1 | Reached XP level 20. HP: 162/174 MP: 26/26
 39508 | Vaults:1 | Found Suwat's Distillery.
 39530 | Vaults:1 | Bought a potion of haste for 120 gold pieces
 39530 | Vaults:1 | Bought a potion of heal wounds for 60 gold pieces
 39530 | Vaults:1 | Bought a potion of might for 48 gold pieces
 39530 | Vaults:1 | Bought a potion of invisibility for 96 gold pieces
 39732 | Vaults:1 | Reached skill level 9 in Evocations
 39781 | Vaults:1 | Paralysed by a hornet for 3 turns
 40019 | Vaults:1 | Received a gift from Trog
 40280 | Vaults:1 | Got a sparkling lapis lazuli ring
 40282 | Vaults:1 | Identified the ring "Waverayb" {Wiz rN+} (You took it off an orc knight on level 1 of the Vaults)
 40636 | Vaults:2 | Reached skill level 1 in Crossbows
 40779 | Vaults:2 | Found a staircase to the Crypt.
 41109 | Vaults:2 | Received a gift from Trog
 41392 | Vaults:2 | Noticed a Brimstone Fiend
 41725 | Vaults:2 | Reached skill level 24 in Polearms
 42265 | Vaults:3 | Received a gift from Trog
 42270 | Vaults:3 | Identified the +7 chain mail of Youthful Indiscretion {+Fly rN+} (You found it on level 3 of the Vaults)
 42568 | Vaults:3 | Received a gift from Trog
 42621 | Vaults:3 | Reached skill level 3 in Crossbows
 42653 | Vaults:3 | Reached XP level 21. HP: 82/182 MP: 28/28
 43142 | Vaults:3 | Received a gift from Trog
 43658 | Vaults:4 | Noticed Boris
 43666 | Vaults:4 | Killed Boris
 43669 | Vaults:4 | Received a gift from Trog
 43773 | Vaults:4 | Reached skill level 25 in Polearms
 43830 | Vaults:4 | Reached skill level 6 in Crossbows
 43833 | Vaults:4 | Received a gift from Trog
 44033 | Vaults:4 | Noticed Sojobo
 44061 | Vaults:4 | Demolished by a vault warden

Skill      XL: |  1  2  3  4  5  6  7  8  9 10 11 12 13 14 15 16 17 18 19 20 21 |
---------------+----------------------------------------------------------------+-----
Dodging        | 3 4 5 6 7 9 10 12 14 15 16 17 18 19 20 21 22 | 22.8
Polearms       | 5 6 7 8 10 12 13 15 16 18 19 20 21 22 23 24 25 | 25.2
Fighting       | 4 5 6 7 9 10 12 13 14 15 16 17 18 19 | 19.7
Armour         | 4 6 7 8 9 10 11 | 11.4
Evocations     | 4 6 8 10 | 10.4
Crossbows      | 3 6 |  6.6

Action                   |  1- 3 |  4- 6 |  7- 9 | 10-12 | 13-15 | 16-18 | 19-21 || total
-------------------------+-------+-------+-------+-------+-------+-------+-------++-------
Melee: Spear             |   149 |   236 |   479 |   383 |       |       |       ||  1247
       Glaive            |       |       |       |   559 |  1377 |  1407 |   512 ||  3855
       Tailslap          |       |       |       |     4 |    17 |    24 |    36 ||    81
       Trident           |       |       |       |       |    42 |       |       ||    42
       Bardiche          |       |       |       |       |       |       |   772 ||   772
 Fire: Heavy crossbow    |       |       |       |       |       |       |   121 ||   121
Invok: Berserk           |       |     7 |     9 |    21 |    17 |    18 |    15 ||    87
       Trog's Hand       |       |     1 |     1 |     5 |    12 |    26 |    15 ||    60
       Brothers in Arms  |       |       |       |     3 |     3 |     3 |     4 ||    13
       Burn Spellbooks   |       |       |       |       |     2 |     4 |     3 ||     9
Evoke: Sack of spiders   |       |       |       |       |     1 |       |       ||     1
       Wand              |       |       |       |       |       |     6 |     1 ||     7
       Lamp of fire      |       |       |       |       |       |     1 |       ||     1
  Use: Scroll            |       |       |       |     6 |    31 |    12 |    12 ||    61
       Potion            |       |       |       |     4 |     1 |       |     2 ||     7
 Stab: Distracted        |       |     1 |       |     1 |     3 |     1 |     1 ||     7
  Eat: Chunk             |       |     9 |    18 |    46 |    55 |    30 |    46 ||   204
       Fruit             |       |     2 |     2 |       |       |     8 |       ||    12
       Royal jelly       |       |       |       |     1 |     1 |     1 |       ||     3
       Meat ration       |       |       |       |       |       |     5 |     1 ||     6
Armor: Scale mail        |    26 |    59 |       |       |       |       |       ||    85
       Animal skin       |     1 |       |       |       |       |       |       ||     1
       Chain mail        |       |       |   129 |   258 |   481 |   269 |   420 ||  1557
Dodge: Dodged            |    58 |   108 |   181 |   592 |  1172 |  1118 |  1587 ||  4816
